[ AOE2 MATCH · #513877498 ]
UnrankedMagyars vs Malay
Player's team · WIN
Rival team · LOSS
[ REPLAY ANALYSIS · EXTRACTED FROM THE RECORDED GAME ]
Feudal
10:02
Castle
—
Imperial
—
| APM avg | 48.8 |
| APM peak | 71 |
| eAPM avg | 15.1 |
| Villagers / military | 28 / 10 |
Focus
⚔️ 13.0% · 🌾 87.0%
Archer ×7 · Militia ×3
Feudal
9:14
Castle
—
Imperial
—
| APM avg | 42.2 |
| APM peak | 59 |
| eAPM avg | 15.0 |
| Villagers / military | 20 / 10 |
Focus
⚔️ 23.9% · 🌾 76.1%
Militia ×10
Match map
Initial resources + every placement click. Lines = walls · curves = elevation contours. ◆ gold · ⬟ stone · ● berries · ✦ relic · ◌ wall gap
Your base· Open — unwalled flank
princofczech's base· Open — unwalled flank
Smoothed initial terrain · ◌ = detected wall gap · hover for details
Inputs per minute
— Grospoilu - - princofczech
Build order — Grospoilu
60 actions detected in the replay
| 0:01 | Queue | Villager (Male) |
| 0:01 | Queue | Villager (Male) |
| 0:03 | Build | House |
| 0:06 | Build | House |
| 0:11 | Queue | Villager (Male) |
| 0:11 | Queue | Villager (Male) |
| 1:34 | Queue | Villager (Male) |
| 2:05 | Build | Lumber Camp |
| 2:10 | Queue | Villager (Male) |
| 2:30 | Queue | Villager (Male) |
| 2:59 | Queue | Villager (Male) |
| 3:30 | Build | House |
| 3:37 | Queue | Villager (Male) |
| 3:38 | Queue | Villager (Male) |
| 4:18 | Build | Mill |
| 4:24 | Queue | Villager (Male) |
| 4:53 | Queue | Villager (Male) |
| 5:10 | Build | House |
| 5:11 | Queue | Villager (Male) |
| 5:17 | Queue | Villager (Male) |
| 5:17 | Queue | Villager (Male) |
| 5:53 | Queue | Villager (Male) |
| 5:53 | Queue | Villager (Male) |
| 5:57 | Queue | Villager (Male) |
| 6:36 | Research | Loom |
| 7:05 | Build | Barracks |
| 7:52 | Research | Feudal Age |
| 8:10 | Queue | Militia |
| 8:25 | Build | Mining Camp |
| 8:44 | Queue | Militia |
| 8:44 | Queue | Militia |
| 9:31 | Queue | Villager (Male) |
| 9:55 | Queue | Villager (Male) |
| 10:01 | Queue | Villager (Male) |
| 10:02 | Age | Feudal Age |
| 10:07 | Build | Archery Range |
| 10:10 | Research | Man-at-Arms (upgrade) |
| 10:25 | Research | Double-Bit Axe |
| 10:32 | Build | House |
| 11:02 | Queue | Archer |
| 11:21 | Queue | Villager (Male) |
| 11:22 | Queue | Villager (Male) |
| 11:22 | Queue | Villager (Male) |
| 11:25 | Queue | Archer |
| 11:25 | Queue | Archer |
| 12:18 | Build | House |
| 12:35 | Queue | Archer |
| 12:35 | Queue | Archer |
| 12:35 | Queue | Archer |
| 12:39 | Build | House |
| 13:05 | Queue | Villager (Male) |
| 13:08 | Queue | Archer |
| 13:17 | Queue | Villager (Male) |
| 13:31 | Queue | Villager (Male) |
| 14:07 | Queue | Villager (Male) |
| 14:12 | Build | Blacksmith |
| 14:14 | Build | Farm |
| 14:15 | Build | Farm |
| 14:15 | Build | Farm |
| 14:16 | Build | Farm |
Build order — princofczech
49 actions detected in the replay
| 0:00 | Queue | Villager (Male) |
| 0:01 | Queue | Villager (Male) |
| 0:01 | Queue | Villager (Male) |
| 0:06 | Build | House |
| 0:07 | Build | House |
| 1:18 | Queue | Villager (Male) |
| 1:29 | Queue | Villager (Male) |
| 2:05 | Queue | Villager (Male) |
| 2:35 | Queue | Villager (Male) |
| 2:55 | Queue | Villager (Male) |
| 3:06 | Queue | Villager (Male) |
| 3:13 | Build | House |
| 3:17 | Build | Lumber Camp |
| 3:48 | Queue | Villager (Male) |
| 4:06 | Queue | Villager (Male) |
| 4:35 | Queue | Villager (Male) |
| 4:35 | Queue | Villager (Male) |
| 4:57 | Build | House |
| 5:01 | Build | Palisade Wall |
| 5:49 | Queue | Villager (Male) |
| 5:51 | Queue | Villager (Male) |
| 6:22 | Build | Mill |
| 6:30 | Queue | Villager (Male) |
| 6:33 | Queue | Villager (Male) |
| 7:25 | Research | Loom |
| 7:56 | Research | Feudal Age |
| 8:21 | Build | Barracks |
| 8:41 | Build | Mill |
| 9:10 | Queue | Militia |
| 9:14 | Age | Feudal Age |
| 9:14 | Queue | Militia |
| 9:23 | Build | Palisade Wall |
| 9:25 | Build | Palisade Wall |
| 9:42 | Build | House |
| 9:43 | Build | Palisade Wall |
| 10:04 | Build | Mining Camp |
| 10:07 | Queue | Villager (Male) |
| 10:23 | Queue | Militia |
| 10:24 | Queue | Militia |
| 10:59 | Queue | Militia |
| 11:00 | Research | Man-at-Arms (upgrade) |
| 11:03 | Queue | Villager (Male) |
| 11:55 | Queue | Militia |
| 12:27 | Queue | Militia |
| 12:46 | Queue | Villager (Male) |
| 12:59 | Queue | Militia |
| 12:59 | Queue | Militia |
| 13:31 | Queue | Militia |
| 14:11 | Build | Farm |
Match timeline
| 5:01 | princofczech · wall_segment Palisade Wall x6 |
| 7:05 | Grospoilu · first_building Barracks |
| 8:21 | princofczech · first_building Barracks |
| 9:14 | princofczech · age_up feudal |
| 9:23 | princofczech · wall_segment Palisade Wall x1 |
| 9:25 | princofczech · wall_segment Palisade Wall x1 |
| 9:43 | princofczech · wall_segment Palisade Wall x1 |
| 10:02 | Grospoilu · age_up feudal |
| 10:07 | Grospoilu · first_building Archery Range |
| 14:29 | princofczech · resign |
[ AI ANALYSIS · 1 CREDIT ]
What really happened in this match?
Wolo.gg analyzes every decision: build order, eco, micro, common mistakes by bracket. Personalized analysis on WhatsApp or Discord in 30 seconds.
Civ guide
Magyars
Perfil
Jugador #4729544